 Dungeon Crawl Stone Soup version 0.18.1-48-g4cf74bf (webtiles) character file.

128564 Miyamura the Fighter (level 16, -8/158 HPs)
             Began as a Red Draconian Earth Elementalist on Sept 11, 2016.
             Was a High Priest of Vehumet.
             Mangled by a death knight
             ... wielding a +0 halberd
              (28 damage)
             ... on level 15 of the Dungeon on Sept 12, 2016.
             The game lasted 02:53:53 (54597 turns).

Miyamura the Fighter (DrEE)                        Turns: 54597, Time: 02:53:54

Health: -8/158     AC: 15    Str: 13    XL:     16   Next: 48%
Magic:  26/41      EV: 18    Int: 21    God:    Vehumet [*****.]
Gold:   579        SH:  0    Dex: 13    Spells: 9 memorised, 9 levels left

rFire  + . .     SeeInvis .     W - +10 war axe "Kawn" {venom, +Inv MP+9}
rCold  + + .     Gourm    .     (armour unavailable)
rNeg   . . .     Faith    .     (no shield)
rPois  +         Spirit   .     (helmet restricted)
rElec  .         Dismiss  .     X - +0 cloak {+Inv}
rCorr  .         Reflect  .     A - +2 pair of gloves
SustAt .         Harm     .     G - +1 pair of boots {Fly}
MR     +....                    b - amulet of magic regeneration
Stlth  +++++.....               o - ring of protection from cold
                                x - ring of Truth {rPois rC+ MR+ Stlth+}

@: vulnerable, flying, somewhat resistant to hostile enchantments, quite
stealthy
A: breathe fire, unfitting armour, antennae 1, hooves 1, fire resistance 1,
robust 1, strong 1, cold-blooded, AC +9
a: Breathe Fire, Renounce Religion, Evoke Invisibility, Stop Flying


You were on level 15 of the Dungeon.
You worshipped Vehumet.
Vehumet was extremely pleased with you.
You were not hungry.

You visited 3 branches of the dungeon, and saw 25 of its levels.
You also visited: Labyrinth.

You collected 2058 gold pieces.
You spent 1479 gold pieces at shops.

Inventory:

Hand Weapons
 r - the +1 war axe of Fortitude {flame, rF+ Int+2}
   (You found it on level 4 of the Dungeon)

   It has been specially enchanted to burn those struck by it, causing extra
   injury to most foes and up to half again as much damage against particularly
   susceptible opponents.
   Big, fiery blades are also staple armaments of hydra-hunters.
   It affects your intelligence (+2).
   It protects you from fire.
 C - the +8 whip "Snakebite" {curare, rPois}
   (You found it on level 11 of the Dungeon)

   It poisons the flesh of those it strikes.
   It protects you from poison.
 T - the +1 flail "Houhi" {crush, rElec rN+ MR+}
   (You found it on level 7 of the Lair of Beasts)

   It inflicts extra damage upon your enemies.
   It insulates you from electricity.
   It protects you from negative energy.
   It affects your resistance to hostile enchantments.
 W - the +10 war axe "Kawn" (weapon) {venom, +Inv MP+9}
   (You bought it in a shop on level 2 of the Orcish Mines)

   It poisons the flesh of those it strikes.
   It affects your magic capacity (+9).
   It lets you turn invisible.
Missiles
 a - 298 stones (quivered)
Armour
 A - a +2 pair of gloves (worn)
 G - a +1 pair of boots of flying (worn)
 X - a +0 cloak of invisibility (worn)
Jewellery
 b - an amulet of magic regeneration (around neck)
 d - an uncursed ring of see invisible
 n - an uncursed ring of sustain attributes
 o - a ring of protection from cold (right hand)
 x - the ring of Truth (left hand) {rPois rC+ MR+ Stlth+}
   (You found it on level 4 of the Dungeon)

   [ring of poison resistance]

   It protects you from cold.
   It protects you from poison.
   It affects your resistance to hostile enchantments.
   It makes you more stealthy.
Wands
 h - a wand of paralysis (10/24)
 i - a wand of iceblast (7/15)
 l - a wand of flame (25/48)
 z - a wand of teleportation (4/9)
 E - a wand of acid (1/15)
 O - a wand of teleportation (3/9)
 P - a wand of lightning (7/15)
Scrolls
 f - 6 scrolls of magic mapping
 j - 2 scrolls of silence
 k - 5 scrolls of enchant weapon
 q - 2 scrolls of teleportation
 s - 8 scrolls of remove curse
 t - 2 scrolls of vulnerability
 v - 4 scrolls of fog
 w - 4 scrolls of immolation
 y - 2 scrolls of holy word
 U - 3 scrolls of amnesia
Potions
 e - 8 potions of lignification
 g - 7 potions of curing
 p - 3 potions of brilliance
 u - a potion of resistance
 D - a potion of heal wounds
 F - 2 potions of haste
 H - 3 potions of ambrosia
 I - a potion of cancellation
 K - 2 potions of flight
 M - 2 potions of agility
 S - a potion of might
 Z - a potion of magic
Books
 N - a book of the Earth

   Spells                             Type                      Level
   a - Leda's Liquefaction            Hexes/Earth                  4
   b - Bolt of Magma                  Conjuration/Fire/Earth       5
   c - Statue Form                    Transmutation/Earth          6
   d - Iron Shot                      Conjuration/Earth            6
   e - Shatter                        Earth                        9
 Q - a book of Flames

   Spells                             Type                      Level
   a - Flame Tongue                   Conjuration/Fire             1
   b - Throw Flame                    Conjuration/Fire             2
   c - Conjure Flame                  Conjuration/Fire             3
   d - Inner Flame                    Hexes/Fire                   3
   e - Sticky Flame                   Conjuration/Fire             4
   f - Fireball                       Conjuration/Fire             5
 Y - a book of Frost

   Spells                             Type                      Level
   a - Freeze                         Ice                          1
   b - Throw Frost                    Conjuration/Ice              2
   c - Ozocubu's Armour               Charms/Ice                   3
   d - Throw Icicle                   Conjuration/Ice              4
   e - Summon Ice Beast               Ice/Summoning                4
Miscellaneous
 L - an ornate deck of changes
Comestibles
 c - 10 bread rations
 m - 9 fruits
 B - 4 chunks of flesh


   Skills:
 + Level 13.4 Fighting
 - Level 11.5(11.9) Axes
 + Level 5.1(9.1) Maces & Flails
 - Level 11.4 Dodging
 - Level 11.3 Stealth
 + Level 12.0 Spellcasting
 - Level 7.1 Conjurations
 + Level 1.5 Transmutations
 - Level 5.5 Fire Magic
 - Level 3.2 Air Magic
 + Level 9.4 Earth Magic
 - Level 3.6 Poison Magic


You had 9 spell levels left.
You knew the following spells:

 Your Spells              Type           Power        Failure   Level  Hunger
a - Stone Arrow           Conj/Erth      #####.       1%          3    None
b - Sandblast             Erth           ######       1%          1    None
l - Lee's Rapid Deconstr  Erth           ######....   1%          5    ####...
m - Mephitic Cloud        Conj/Pois/Air  ####....     1%          3    None
p - Petrify               Trmt/Erth      #####...     6%          4    None
s - Sticky Flame          Conj/Fire      #####...     1%          4    None
B - Blink                 Tloc           N/A          10%         2    None
R - Repel Missiles        Chrm/Air       ###...       4%          2    None
S - Statue Form           Trmt/Erth      #####....    82%         6    #####..


Dungeon Overview and Level Annotations

Branches:
Dungeon (15/15) Temple (0/1) D:7 Lair (8/8) D:11 Shoals (0/4) Lair:4 Snake (0/4) Lair:3 Slime (0/6) Lair:6 Orc (2/2) D:10 Elf (0/3) Orc:2 Vaults (0/5) D:13 D:14 Depths (0/5) D:15

Altars:
Ashenzari
Dithmenos
Elyvilon
Gozag
Makhleb
Nemelex Xobeh
Okawaru
Pakellas
Qazlal
Sif Muna
Trog
Vehumet
Yredelemnul
Zin

Shops:
D:4 %?!*?   D:10 *   Orc:2 [[}(

Annotations:
D:5 tyranidshit's ghost, novice DsAK
Lair:3 exclusion: Maud, Maud


Innate Abilities, Weirdness & Mutations

You can breathe blasts of fire.
Your fiery red scales are hard (AC +9).
Your body does not fit into most forms of armour.
Your flesh is heat resistant.
You are cold-blooded and may be slowed by cold attacks.
You have a pair of small antennae on your head.
You have large cloven feet.
You are robust (+10% HP).
Your muscles are strong. (Str +2)


Message History

Confirm with . or Enter, or press ? or * to list all spells.
Aiming: Stone Arrow
Press: ? - help, Shift-Dir - straight line, f/p - death knight
Aim: a death knight, wielding a halberd and wearing a chain mail (heavily wounded)
The stone arrow hits the death knight.
The death knight is heavily wounded.
The death knight invokes the aid of Yredelemnul against you.
Your body is wracked with pain!
* * * LOW HITPOINT WARNING * * *
Casting: Stone Arrow
Confirm with . or Enter, or press ? or * to list all spells.
Aiming: Stone Arrow
Press: ? - help, Shift-Dir - straight line, f/p - death knight
Aim: a death knight, wielding a halberd and wearing a chain mail (heavily wounded)
The stone arrow hits the death knight.
The death knight is almost dead.
The death knight hits you with a halberd!
* * * LOW HITPOINT WARNING * * *
The death knight hits you from afar with a halberd!!
You die...

#### #... ####### #.##
#.....# #.# *#######*
#.###.#####.##
*.......######.#...........
*................#.#####.##
*.......######.....#####.#
*......Wp.@..............#
*.......##.......######..##
*..$....*#.####.## #....
*.......*#.# #.#######.###
*#..<.##*#.# #............
*#.#.#,**#.# ########...##
**.,#.**,*#.#******##.......
*,*,#,***,#.#,,,,..[........
*,*,,,,,,,#.#,***.###.......


You could see a death knight and a freezing wraith.

Vanquished Creatures
  Norris (D:14)
  Kirke (D:11)
  Agnes (D:14)
  A tengu reaver (D:12)
  Nessos (D:12)
  An ettin (Orc:1)
  A fire dragon (Lair:7)
  A minotaur (Lab)
  Erolcha (D:11)
  9 hydras
  A catoblepas (D:14)
  5 centaur warriors
  5 death yaks (Lair:5)
  3 orc high priests (Orc:2)
  Sonja (D:11)
  A fire crab (Lair:8)
  4 unseen horrors
  7 skeletal warriors
  A flayed ghost (D:10)
  3 lindwurms
  6 orc knights
  A phantasmal warrior (D:15)
  8 hill giants
  A wolf spider (Lair:8)
  4 griffons
  2 orc sorcerers (Orc:2)
  3 manticores
  2 cyclopes
  8 ugly things
  23 elephants
  Joseph (D:9)
  A guardian serpent (Lair:8)
  Maurice (D:10)
  14 black mambas
  An eye of devastation (shapeshifter) (D:14)
  7 rime drakes
  25 spiny frogs
  4 kobold demonologists (D:14)
  10 komodo dragons
  2 freezing wraiths
  A polar bear (Lair:8)
  A merfolk (D:12)
  10 trolls
  2 boulder beetles (Lair:7)
  2 two-headed ogres
  16 blink frogs
  2 shadows
  68 yaks
  2 wraiths
  6 hogs
  A basilisk (shapeshifter) (D:15)
  16 humans
  17 wyverns
  3 basilisks
  4 steam dragons
  15 hippogriffs
  6 vampire mosquitoes
  2 hungry ghosts
  5 wargs
  3 mottled dragons
  4 nagas (Lair:3)
  2 soldier ants
  2 hell hounds (D:11)
  20 water moccasins
  21 porcupines
  4 ice beasts
  18 orc warriors
  6 sky beasts
  A swamp drake (Lair:8)
  4 black bears
  5 wasps
  2 eyes of draining
  5 phantoms
  9 centaurs
  15 ogres
  12 wolves
  27 crocodiles
  5 big kobolds
  34 giant frogs
  Blork the orc (D:6)
  2 gnoll sergeants
  A wyvern zombie (D:12)
  5 scorpions
  16 killer bees
  23 wights
  2 electric eels (D:12)
  7 howler monkeys
  6 crimson imps
  2 quasits
  2 lava snakes (Lair:7)
  8 jellies
  8 centaur skeletons
  3 giant frog zombies
  5 hounds
  15 orc priests
  19 orc wizards
  3 giant frog skeletons
  11 iguanas
  13 worker ants
  21 sheep
  3 hound skeletons
  3 worker ant zombies
  9 gnolls
  19 adders
  74 river rats
  8 shadow imps
  4 oozes
  An adder skeleton (D:5)
  3 worms
  4 dart slugs
  2 giant geckos
  68 orcs
  2 ball pythons
  8 bats
  5 giant cockroaches
  3 goblins
  9 hobgoblins
  13 jackals
  5 quokkas
  9 giant newts
  45 kobolds
  A quokka zombie (D:8)
  6 rats
  A fungus (Lair:8)
  2 plants (Lair:7)
1031 creatures vanquished.

Vanquished Creatures (others)
  An orc sorcerer (Orc:2)
  A yak (Lair:8)
  An orc warrior (Orc:2)
  A swamp drake (Lair:8)
  An orc wizard (Orc:2)
  An adder (Lair:8)
  A bush (Lair:8)
  70 fungi
  85 plants
162 creatures vanquished.

Grand Total: 1193 creatures vanquished

Notes
Turn   | Place    | Note
--------------------------------------------------------------
     0 | D:1      | Miyamura the Draconian Earth Elementalist began the quest for the Orb.
     0 | D:1      | Reached XP level 1. HP: 14/14 MP: 3/3
   181 | D:1      | Reached XP level 2. HP: 21/22 MP: 0/5
   271 | D:1      | Reached skill level 1 in Fighting
   808 | D:1      | Reached XP level 3. HP: 26/28 MP: 1/6
  1658 | D:2      | Found a sparkling altar of Nemelex Xobeh.
  1997 | D:2      | Reached XP level 4. HP: 35/35 MP: 7/7
  2005 | D:2      | Learned a level 3 spell: Stone Arrow
  3252 | D:4      | Found an opulent altar of Gozag.
  3292 | D:4      | Got a translucent war axe
  3293 | D:4      | Identified the +1 war axe of Fortitude {flame, rF+ Int+2} (You found it on level 4 of the Dungeon)
  3411 | D:4      | Found Ihotow's Magic Scroll Shoppe.
  3462 | D:4      | Found Uwo Qai's General Store.
  3479 | D:4      | Reached skill level 2 in Fighting
  3479 | D:4      | Reached XP level 5. HP: 27/41 MP: 0/9
  3633 | D:4      | Found Puemn's Magic Scroll Shop.
  3640 | D:4      | Bought a scroll of teleportation for 30 gold pieces
  3640 | D:4      | Bought a scroll of remove curse for 30 gold pieces
  3671 | D:4      | Found Ovetuvefa's Distillery.
  3684 | D:4      | Bought a potion of curing for 42 gold pieces
  3691 | D:4      | Reached skill level 1 in Axes
  3821 | D:4      | Found Eqoth's Food Shop.
  3823 | D:4      | Noticed an ogre
  3980 | D:4      | Learned a level 2 spell: Passwall
  3985 | D:4      | Learned a level 4 spell: Petrify
  4080 | D:4      | Killed an ogre
  4080 | D:4      | Reached XP level 6. HP: 50/50 MP: 6/10
  4257 | D:4      | Got a brightly glowing marble ring
  4258 | D:4      | Identified the ring of Truth {rPois rC+ MR+ Stlth+} (You found it on level 4 of the Dungeon)
  4299 | D:5      | Entered Level 5 of the Dungeon
  4445 | D:5      | Noticed an ice beast
  4463 | D:5      | Noticed tyranidshit's ghost (novice DsAK)
  4464 | D:5      | Killed an ice beast
  4464 | D:5      | Reached skill level 3 in Fighting
  4936 | D:5      | Your scales start taking on a fiery red colour.
  4936 | D:5      | Reached XP level 7. HP: 57/57 MP: 12/12
  4936 | D:5      | Gained mutation: Your flesh is heat resistant. [Red Draconian growth]
  5008 | D:5      | Found a radiant altar of Vehumet.
  5015 | D:5      | Found a shattered altar of Ashenzari.
  5036 | D:5      | Found a burning altar of Makhleb.
  5056 | D:5      | Became a worshipper of Vehumet
  5062 | D:5      | Found an oddly glowing altar of Pakellas.
  5067 | D:5      | Found a stormy altar of Qazlal.
  5074 | D:5      | Found a glowing silver altar of Zin.
  5079 | D:5      | Found a shadowy altar of Dithmenos.
  6184 | D:6      | Reached skill level 4 in Fighting
  6189 | D:6      | Reached skill level 5 in Earth Magic
  6190 | D:6      | Reached XP level 8. HP: 66/66 MP: 1/14
  6359 | D:6      | Learned a level 5 spell: Lee's Rapid Deconstruction
  6417 | D:6      | Noticed Blork the orc
  6432 | D:6      | Killed Blork the orc
  6479 | D:6      | Found a white marble altar of Elyvilon.
  6896 | D:6      | Found a basalt altar of Yredelemnul.
  7353 | D:7      | Reached * piety under Vehumet
  7353 | D:7      | Offered knowledge of Magic Dart by Vehumet.
  7353 | D:7      | Reached skill level 5 in Fighting
  7484 | D:7      | Found a staircase to the Ecumenical Temple.
  7784 | D:7      | Reached XP level 9. HP: 69/74 MP: 16/16
  8017 | D:8      | Reached skill level 5 in Stealth
  8020 | D:8      | Reached skill level 5 in Spellcasting
  8229 | D:8      | Reached skill level 5 in Dodging
  8507 | D:8      | Reached skill level 6 in Fighting
  8673 | D:8      | Reached ** piety under Vehumet
  8690 | D:8      | Offered knowledge of Throw Flame by Vehumet.
  8759 | D:8      | Found a bloodstained altar of Trog.
  8873 | D:8      | Reached skill level 5 in Axes
  9667 | D:8      | Offered knowledge of Dazzling Spray by Vehumet.
  9667 | D:8      | Reached XP level 10. HP: 84/84 MP: 18/18
  9671 | D:8      | Gained mutation: You have sharp fingernails. [mutagenic meat]
  9672 | D:8      | Gained mutation: You regenerate slowly when monsters are visible. [mutagenic meat]
  9673 | D:8      | Gained mutation: Your body sometimes deteriorates upon taking damage. [mutagenic meat]
  9674 | D:8      | Gained mutation: You tend to lose your temper in combat. [mutagenic meat]
  9675 | D:8      | Gained mutation: You are robust (+10% HP). [mutagenic meat]
  9676 | D:8      | Gained mutation: Your mind is acute. (Int +2) [mutagenic meat]
 10261 | D:9      | Reached *** piety under Vehumet
 10293 | D:9      | Found a deep blue altar of Sif Muna.
 10726 | D:9      | Noticed a brown ugly thing
 10756 | D:8      | Gained mutation: Your mind is very acute. (Int +4) [potion of mutation]
 10756 | D:8      | Gained mutation: You are occasionally teleported next to monsters. [potion of mutation]
 10756 | D:8      | Gained mutation: You are agile. (Dex +2) [potion of mutation]
 10768 | D:9      | Killed a brown ugly thing
 10768 | D:9      | Reached skill level 7 in Fighting
 10778 | D:9      | Lost mutation: Your body sometimes deteriorates upon taking damage. [mutagenic meat]
 10781 | D:9      | Lost mutation: Your mind is very acute. (Int +4) [mutagenic meat]
 10897 | D:9      | Offered knowledge of Airstrike by Vehumet.
 11673 | D:9      | Noticed Joseph
 11674 | D:9      | Gained mutation: Your flesh is very heat resistant. [potion of mutation]
 11674 | D:9      | Gained mutation: Your tail ends in a poisonous barb. [potion of mutation]
 11683 | D:9      | Killed Joseph
 12077 | D:9      | Lost mutation: You are agile. (Dex +2) [potion of cure mutation]
 12077 | D:9      | Lost mutation: Your tail ends in a poisonous barb. [potion of cure mutation]
 12077 | D:9      | Lost mutation: You tend to lose your temper in combat. [potion of cure mutation]
 12077 | D:9      | Lost mutation: You are occasionally teleported next to monsters. [potion of cure mutation]
 12077 | D:9      | Lost mutation: Your mind is acute. (Int +2) [potion of cure mutation]
 12077 | D:9      | Lost mutation: You are robust (+10% HP). [potion of cure mutation]
 12091 | D:10     | Entered Level 10 of the Dungeon
 12283 | D:10     | Noticed Maurice
 12289 | D:10     | Killed Maurice
 12519 | D:10     | Found Ibieff's Assorted Antiques.
 12522 | D:10     | Bought a scroll labeled HAROAFE TI NIO for 25 gold pieces
 12564 | D:10     | Found a staircase to the Orcish Mines.
 12573 | D:11     | Noticed a cyan ugly thing
 13007 | D:10     | Reached **** piety under Vehumet
 13013 | D:10     | Reached XP level 11. HP: 55/93 MP: 16/21
 13079 | D:10     | Offered knowledge of Static Discharge by Vehumet.
 13397 | D:10     | Killed an unseen horror
 13477 | D:10     | Noticed a hill giant
 14585 | D:11     | Reached skill level 8 in Fighting
 15030 | D:11     | Noticed a hill giant
 15174 | D:10     | Killed a hill giant
 15471 | Orc:1    | Entered Level 1 of the Orcish Mines
 15886 | D:10     | Killed a hill giant
 16592 | D:11     | Noticed Erolcha
 16693 | D:11     | Noticed Sonja
 16695 | D:11     | Killed Sonja
 17011 | D:10     | Noticed a flayed ghost
 17017 | D:10     | Killed a flayed ghost
 17445 | D:11     | Reached skill level 9 in Fighting
 17516 | D:11     | Found a large runed door.
 17517 | D:11     | Found a large runed door.
 17519 | D:11     | Noticed a hill giant
 17538 | D:11     | Found a staircase to the Lair.
 17714 | Lair:1   | Entered Level 1 of the Lair of Beasts
 17987 | Lair:1   | Noticed a five-headed hydra
 17994 | Lair:1   | Killed a five-headed hydra
 18061 | Lair:1   | Reached XP level 12. HP: 95/104 MP: 20/23
 18166 | Lair:1   | Reached ***** piety under Vehumet
 18166 | Lair:1   | Offered knowledge of Fulminant Prism by Vehumet.
 18885 | Lair:1   | Lost mutation: You regenerate slowly when monsters are visible. [potion of mutation]
 18885 | Lair:1   | Gained mutation: Your magical capacity is low (-10% MP). [potion of mutation]
 20638 | Lair:2   | Lost mutation: Your magical capacity is low (-10% MP). [potion of cure mutation]
 20638 | Lair:2   | Lost mutation: Your flesh is very heat resistant. [potion of cure mutation]
 20638 | Lair:2   | Lost mutation: You have sharp fingernails. [potion of cure mutation]
 21524 | Lair:2   | Reached skill level 1 in Conjurations
 22446 | Lair:3   | Found a staircase to the Snake Pit.
 22571 | Lair:3   | Reached skill level 10 in Fighting
 22926 | Lair:3   | Noticed Maud
 23914 | Lair:4   | Found a staircase to the Shoals.
 23918 | Lair:4   | Reached XP level 13. HP: 113/113 MP: 25/25
 24638 | Lair:5   | Learned a level 2 spell: Blink
 24641 | Lair:5   | Learned a level 2 spell: Repel Missiles
 24650 | Lair:5   | Learned a level 3 spell: Mephitic Cloud
 25725 | Lair:5   | Found a shattered altar of Ashenzari.
 26088 | Lair:5   | Gained mutation: You have large cloven feet. [potion of beneficial mutation]
 27382 | Lair:6   | Found a staircase to the Slime Pits.
 27938 | Lair:5   | Reached skill level 10 in Stealth
 28637 | Lair:6   | Offered knowledge of Force Lance by Vehumet.
 29243 | Lair:7   | Reached skill level 11 in Fighting
 29652 | Lair:7   | Got a dazzling flail
 29653 | Lair:7   | Identified the cursed +1 flail "Houhi" {crush, rElec rN+ MR+} (You found it on level 7 of the Lair of Beasts)
 31153 | Lair:7   | Reached XP level 14. HP: 106/124 MP: 4/27
 31440 | Lair:7   | Reached skill level 10 in Spellcasting
 31618 | Lair:7   | Reached skill level 10 in Axes
 32407 | Lair:8   | Entered Level 8 of the Lair of Beasts
 32511 | Lair:7   | Reached skill level 5 in Conjurations
 34294 | Lair:8   | Gained mutation: You passively map a small area around you. [mutagenic meat]
 34295 | Lair:8   | Gained mutation: Your muscles are strong. (Str +2) [mutagenic meat]
 34296 | Lair:8   | Lost mutation: You passively map a small area around you. [mutagenic meat]
 34297 | Lair:8   | Gained mutation: You have a pair of small antennae on your head. [mutagenic meat]
 34298 | Lair:8   | Gained mutation: You are robust (+10% HP). [mutagenic meat]
 34945 | Lair:7   | Offered knowledge of Orb of Destruction by Vehumet.
 36302 | Lair:8   | Reached skill level 10 in Dodging
 36998 | Lair:8   | Reached skill level 12 in Fighting
 37825 | Lair:8   | Offered knowledge of Irradiate by Vehumet.
 38258 | Lair:8   | Got an ivory short sword
 38259 | Lair:8   | Identified the +4 short sword of Proximity {flame, rC- Int+6 Dex+3} (You found it on level 8 of the Lair of Beasts)
 38526 | Lair:8   | Reached XP level 15. HP: 145/145 MP: 29/29
 40071 | Orc:1    | Reached skill level 1 in Air Magic
 40129 | Orc:1    | Reached skill level 1 in Poison Magic
 40665 | Orc:2    | Entered Level 2 of the Orcish Mines
 40862 | Orc:2    | Found a staircase to the Elven Halls.
 41174 | Orc:2    | Offered knowledge of Poisonous Cloud by Vehumet.
 41388 | Orc:1    | Learned a level 6 spell: Poisonous Cloud
 42494 | Orc:2    | Paralysed by an orc sorcerer for 5 turns
 42514 | Orc:2    | Paralysed by an orc sorcerer for 2 turns
 42898 | Orc:2    | Found Rigebuhe's Antique Armour Emporium.
 42898 | Orc:2    | Found Jaqetoc's Gadget Emporium.
 42898 | Orc:2    | Found Sutsaplib's Weapon Shop.
 42898 | Orc:2    | Found Benlay's Armour Shop.
 43289 | Orc:2    | Bought the +10 war axe "Kawn" {venom, +Inv MP+9} for 886 gold pieces
 43293 | Orc:2    | Bought a glowing cloak for 126 gold pieces
 43319 | Orc:2    | Bought a +0 pair of boots of flying for 172 gold pieces
 43339 | Orc:2    | Bought a wand of paralysis (10/24) for 168 gold pieces
 43624 | D:11     | Killed Erolcha
 43985 | D:11     | Found an iron altar of Okawaru.
 43985 | D:11     | Found an iron altar of Okawaru.
 44233 | D:12     | Noticed a tengu reaver
 44254 | D:12     | Killed a tengu reaver
 44732 | D:12     | Reached skill level 1 in Maces & Flails
 45048 | D:12     | Offered knowledge of Bolt of Fire by Vehumet.
 45150 | D:12     | Learned a level 4 spell: Sticky Flame
 45711 | D:12     | Noticed Nessos
 45731 | D:12     | Killed Nessos
 45981 | D:12     | Noticed Kirke
 46036 | D:12     | Reached skill level 1 in Fire Magic
 46872 | D:11     | Killed Kirke
 49018 | D:14     | Found a gate to the Vaults.
 49018 | D:14     | Noticed Norris
 49855 | D:14     | HP: 4/147 [acid (8)]
 50210 | D:14     | Killed Norris
 50210 | D:14     | Reached skill level 13 in Fighting
 50210 | D:14     | Reached XP level 16. HP: 112/157 MP: 29/31
 50735 | D:14     | Offered knowledge of Bolt of Cold by Vehumet.
 50785 | D:14     | Noticed Agnes
 50799 | D:14     | Killed Agnes
 52124 | D:14     | Reached skill level 5 in Fire Magic
 53056 | D:15     | Entered Level 15 of the Dungeon
 53100 | D:15     | Found a labyrinth entrance.
 53108 | Lab      | Entered a labyrinth
 53677 | Lab      | Learned a level 6 spell: Statue Form
 54066 | D:15     | Reached skill level 5 in Maces & Flails
 54597 | D:15     | Mangled by a death knight

Skill      XL: |  1  2  3  4  5  6  7  8  9 10 11 12 13 14 15 16 |
---------------+-------------------------------------------------+-----
Stealth        | 2 3 4 6 7 8 9 10 11 | 11.3
Fighting       | 1 2 3 4 5 6 7 9 10 11 12 13 | 13.4
Dodging        | 2 3 4 5 6 7 8 9 10 11 | 11.4
Axes           | 1 2 3 4 5 6 7 8 9 11 | 11.5
Spellcasting   | 3 4 5 6 7 8 9 10 11 12 | 12.0
Earth Magic    | 4 5 6 7 8 9 |  9.4
Conjurations   | 2 4 7 |  7.1
Air Magic      | 3 |  3.2
Poison Magic   | 3 |  3.6
Maces & Flails | 3 5 |  5.1
Fire Magic     | 3 5 |  5.5
Transmutations | |  1.5

Action                   |  1- 3 |  4- 6 |  7- 9 | 10-12 | 13-15 | 16-18 || total
-------------------------+-------+-------+-------+-------+-------+-------++-------
Melee: Unarmed           |    48 |       |       |       |       |       ||    48
       Tailslap          |    20 |     7 |    27 |    44 |   189 |    50 ||   337
       Dagger            |   170 |    43 |       |       |       |       ||   213
       War axe           |       |    60 |   227 |   477 |  1106 |    42 ||  1912
       Whip              |       |       |       |       |   377 |   320 ||   697
 Cast: Sandblast         |    35 |    43 |    56 |   267 |   146 |       ||   547
       Stone Arrow       |       |     7 |    17 |   109 |   488 |    65 ||   686
       Petrify           |       |       |       |     1 |     2 |       ||     3
       Blink             |       |       |       |       |    29 |     4 ||    33
       Repel Missiles    |       |       |       |       |     1 |       ||     1
       Lee's Rapid Decon |       |       |       |       |    11 |       ||    11
       Mephitic Cloud    |       |       |       |       |    51 |     2 ||    53
       Sticky Flame      |       |       |       |       |     6 |    10 ||    16
 Abil: Breathe Fire      |       |       |    19 |    53 |    93 |     6 ||   171
       Evoke Invisibilit |       |       |       |       |     2 |     1 ||     3
Evoke: Wand              |       |       |       |     2 |     9 |     6 ||    17
  Use: Scroll            |     3 |     6 |    10 |    13 |    18 |     7 ||    57
       Potion            |       |       |     2 |    11 |     4 |     2 ||    19
 Stab: Sleeping          |     3 |     3 |     7 |    11 |    27 |       ||    51
       Distracted        |       |       |       |     3 |     8 |       ||    11
       Paralysed         |       |       |       |       |    12 |       ||    12
       Confused          |       |       |       |       |    35 |       ||    35
       Invisible         |       |       |       |       |     7 |     1 ||     8
       Petrified         |       |       |       |       |       |     2 ||     2
  Eat: Chunk             |     4 |    11 |    18 |    45 |    67 |     2 ||   147
       Beef jerky        |       |       |     1 |     1 |       |       ||     2
       Fruit             |       |       |       |     2 |     5 |     1 ||     8
       Meat ration       |       |       |       |     4 |     5 |     2 ||    11
       Pizza             |       |       |       |     1 |       |       ||     1
       Bread ration      |       |       |       |       |     3 |       ||     3
Armor: Skin              |   113 |    52 |    88 |   333 |   677 |   166 ||  1429
Dodge: Dodged            |   192 |    94 |   219 |   648 |  1545 |   332 ||  3030
       Deflected         |       |       |       |       |     2 |       ||     2
